 Dungeon Crawl Stone Soup version 0.30-a0-279-g4b46babb21 (webtiles) character file.

Game seed: 10640179433247227305

54439 hikkokomori the Severer (level 14, -1/141 HPs)
             Began as a Tengu Berserker on Oct 17, 2022.
             Was a High Priest of Trog.
             Succumbed to barbed spike wounds
             ... on level 5 of the Lair of Beasts.
             The game lasted 00:38:18 (17778 turns).

hikkokomori the Severer (Tengu Berserker)          Turns: 17778, Time: 00:38:18

Health: -1/141     AC: 29    Str: 21    XL:     14   Next: 72%
Magic:  5/5        EV: 14    Int:  8    God:    Trog [*****.]
Gold:   763        SH:  9    Dex: 17    Spells: 13/13 levels left

rFire   . . .      SeeInvis .    P - +9 broad axe (antimagic)
rCold   + + +      Faith    .    D - +3 buckler
rNeg    . . .      Spirit   .    t - +4 plate armour {rPois}
rPois   +          Reflect  .    G - +0 hat
rElec   .          Harm     .    w - +2 cloak
rCorr   .          Rampage  .    V - +2 pair of gloves "Cutuar" {-Cast rC+++ Dex+2}
Will    ++...      NoCast   +    (boots unavailable)
Stlth   ..........               J - amulet of the acrobat
HPRegen 0.43/turn                y - +4 ring of protection
MPRegen 0.09/turn                I - ring of willpower

@: berserking (expiring), spiked, flying quickly and evasively, very quick
A: beak, talons 3, nimble flight, no potion heal 1
a: Renounce Religion, Berserk, Trog's Hand, Brothers in Arms


You were on level 5 of the Lair of Beasts.
You worshipped Trog.
Trog was extremely pleased with you.
You visited 2 branches of the dungeon, and saw 18 of its levels.
You also visited: Ossuary and Bailey.

You collected 1412 gold pieces.
You spent 649 gold pieces at shops.

Inventory:

Hand Weapons
 a - a +1 hand axe of venom
 b - a +2 antimagic war axe
 d - a +5 dire flail of protection
 P - a +9 antimagic broad axe (weapon)
Armour
 o - the +4 robe of Least Resistance {rF+ Str+3 Int+3}
   (You found it on level 3 of the Dungeon)

   Str:       It affects your strength (+3).
   Int:       It affects your intelligence (+3).
   rF:        It protects you from fire.
 s - a +1 leather armour of fire resistance
 t - a +4 plate armour of poison resistance (worn)
 w - a +2 cloak (worn)
 B - +0 steam dragon scales
 D - a +3 buckler (worn)
 G - a +0 hat (worn)
 N - +0 acid dragon scales
 R - the +0 pair of gloves of Lethargy {+Blink rF+ Dex-4}
   (You found it in a bailey)

   Dex:       It affects your dexterity (-4).
   rF:        It protects you from fire.
   +Blink:    It lets you blink.
 S - +2 ice dragon scales
 V - the +2 pair of gloves "Cutuar" (worn) {-Cast rC+++ Dex+2}
   (You found it on level 3 of the Lair of Beasts)

   Dex:       It affects your dexterity (+2).
   rC:        It renders you almost immune to cold.
   -Cast:     It prevents spellcasting.
Jewellery
 f - a ring of protection from cold
 i - a +6 ring of intelligence
 y - a +4 ring of protection (left hand)
 I - a ring of willpower (right hand)
 J - an amulet of the acrobat (around neck)
 Q - a ring of see invisible
 W - a +4 ring of protection
Wands
 n - a wand of acid (10)
 r - a wand of mindburst (27)
 E - a wand of flame (32)
 L - a wand of paralysis (22)
 M - a wand of polymorph (4)
Scrolls
 p - 4 scrolls of teleportation
 u - 2 scrolls of summoning
 C - a scroll of fog
 F - 5 scrolls of enchant armour
 H - 3 scrolls of vulnerability
 K - 2 scrolls of magic mapping
 T - a scroll of blinking
 U - 2 scrolls of acquirement {unknown}
Potions
 c - 2 potions of resistance {unknown}
 e - 4 potions of invisibility
 h - 15 potions of curing
 j - a potion of magic {unknown}
 k - a potion of mutation
 l - 6 potions of lignification
 m - a potion of cancellation
 q - a potion of heal wounds
 v - 3 potions of haste
 x - 2 potions of flight {unknown}
 z - 2 potions of berserk rage {unknown}
 A - 2 potions of attraction
 O - a potion of might {unknown}
Miscellaneous
 g - a phial of floods


   Skills:
 + Level 13.5 Fighting
 + Level 15.5 Axes
 + Level 10.7 Armour
 + Level 11.7 Dodging
 - Level 7.4 Shields
 + Level 5.9 Evocations


You had 13 spell levels left.
You didn't know any spells.
Your spell library was empty.

Dungeon Overview and Level Annotations

Branches:
Dungeon (13/15)            Temple (0/1) D:7            Lair (5/5) D:8
 Shoals (0/4) Lair:2       Spider (0/4) Lair:2        Slime (0/5) Lair:4
    Orc (0/2) D:12        Ossuary (visited)          Bailey (visited)
 Vaults: D:13-14

Altars:
Ashenzari
Dithmenos
Fedhas
Gozag
Hepliaklqana
Kikubaaqudgha
Makhleb
Okawaru
Qazlal
Ru
Trog
Wu Jian
Zin
The Shining One

Shops:
D:4 (   D:7 (   D:10 ?   D:11 (=*=(

Portals:
Hell: Lair:5

Annotations:
D:5 1 runed translucent door, hikkokomori's ghost, novice TeBe
D:12 exclusion: obsidian statue


Innate Abilities, Weirdness & Mutations

You have a beak for a mouth.
You have claws for feet.
Your magical nature lets you fly swiftly and evasively.
Potions are less effective at restoring your health.


Message History

You slice the red devil!! The red devil barely misses you.
You block the red devil's attack.
The red devil hits you from afar with a +0 trident.
* * * LOW HITPOINT WARNING * * *
Barbed spikes become lodged in your body.
You block the red devil's attack.
You slash the red devil!
You kill the red devil!
Trog accepts your kill.
You hit the red devil.
Unknown command.
You slice the red devil!!
You feel the power of Trog in you as your rage grows.
You kill the red devil!
Trog accepts your kill. The red devil misses you.
The red devil hits you but does no damage.
Unknown command.
Found a potion of brilliance.
Found a gateway to Hell.
The barbed spikes dig painfully into your body as you move.
* * * LOW HITPOINT WARNING * * *
You see here a +0 trident.
You slash the red devil! You claw the red devil.
The red devil is moderately wounded.
The red devil misses you.
Unknown command.
You barely miss the red devil. You claw the red devil!
Your peck misses the red devil.
The red devil is severely wounded.
The red devil hits you but does no damage.
The red devil hits you with a +0 trident!
* * * LOW HITPOINT WARNING * * *
Barbed spikes become lodged in your body.
You are too berserk!
You slash the red devil!
You kill the red devil!
Trog accepts your kill.
Unknown command.
The barbed spikes dig painfully into your body as you move.
You die...

######### ≈≈§§≈≈≈≈≈
≈≈≈§≈≈≈≈############
§≈≈≈≈≈.)...#........
≈§.....).†.#..8.8...
∩....._@.†.'...#.8..
§......4†..#).#.8...
≈§≈........#...8.#.
###############..8.#...
#.............'...8.8..
#....8....8...#........
#.............#########+♣♣♣
#######''###### ♣♣♣.♣♣
♣.....♣ ♣♣♣.†...


You could see a red devil.

Vanquished Creatures
  Gastronok (D:8)
  The ghost of Lobster4 the Arsonist, a journeyman HOFE of Sif Muna (Lair:1)
  A hydra (Lair:3)
  The ghost of sleeves the Covert, a journeyman AtBr of Dithmenos (D:12)
  2 boulder beetles
  A catoblepas (Lair:4)
  7 two-headed ogres
  A sun demon (Lair:5)
  Nergalle (D:11)
  3 skeletal warriors (D:11)
  An obsidian statue (D:12)
  A wizard (Lair:5)
  3 orc knights
  An ugly thing (D:12)
  2 cyclopes
  Maurice (D:8)
  3 elephants (Lair:5)
  4 black mambas
  A merfolk siren (Lair:2)
  Joseph (D:8)
  2 torpor snails (Lair:4)
  Maggie (Lair:1)
  10 cane toads
  2 gargoyles (D:11)
  An unseen horror (D:12)
  3 kobold demonologists
  5 rime drakes
  6 komodo dragons
  A hellwing (Lair:5)
  2 ice devils (Lair:5)
  3 red devils (Lair:5)
  5 trolls
  4 polar bears
  34 blink frogs
  3 slime creatures (Lair:4)
  A jumping spider (Lair:2)
  6 dream sheep (Lair:4)
  3 shadows
  2 wraiths
  3 basilisks (Lair:3)
  6 wyverns
  37 yaks
  2 steam dragons
  4 vampire mosquitoes
  Edmund (D:6)
  2 acid dragons
  15 water moccasins
  3 hell hounds (Lair:5)
  6 orc warriors
  6 black bears
  An ogre (D:6)
  7 wolves
  2 centaurs
  2 phantoms
  6 kobold brigands
  13 bullfrogs
  2 necrophages
  2 scorpions
  3 gnoll sergeants
  9 wights
  4 killer bees (D:6)
  5 howler monkeys
  3 orc priests
  3 hounds
  2 jellies
  Terence (D:3)
  3 orc wizards (D:6)
  2 iguanas
  A mummy (Ossuary)
  8 adders
  13 gnolls
  3 white imps
  2 worms
  33 orcs
  7 endoplasms
  2 giant cockroaches (D:2)
  5 goblins
  6 hobgoblins
  9 jackals (D:4)
  2 quokkas
  6 ball pythons
  5 bats
  5 frilled lizards
  5 gnoll skeletons (Ossuary)
  A goblin zombie (D:5)
  20 kobolds
  6 kobold skeletons (Ossuary)
  14 orc skeletons (Ossuary)
  8 rats
  A bush (D:12)
448 creatures vanquished.

Vanquished Creatures (collateral kills)
  2 skeletal warriors (D:11)
  3 yaks (D:11)
  A vampire (D:11)
  An orc warrior (Bailey)
  An orc (Bailey)
8 creatures vanquished.

Vanquished Creatures (others)
  21 fungi
  25 plants
46 creatures vanquished.

Grand Total: 502 creatures vanquished

Notes
Turn   | Place    | Note
-------+----------+-------------------------------------------
     0 | D:1      | hikkokomori the Tengu Berserker began the quest for the
                  | Orb.
     0 | D:1      | Reached XP level 1. HP: 14/14 MP: 2/2
   132 | D:1      | Reached XP level 2. HP: 19/19 MP: 3/3
   374 | D:1      | Found a faded altar of an unknown god.
   928 | D:2      | Reached XP level 3. HP: 23/23 MP: 4/4
   986 | D:2      | Reached ** piety under Trog
  1115 | D:2      | Reached skill level 4 in Axes
  1347 | D:3      | Reached XP level 4. HP: 28/28 MP: 5/5
  1367 | D:3      | Found a stormy altar of Qazlal.
  1526 | D:3      | Noticed Terence
  1535 | D:3      | Killed Terence
  1545 | D:3      | Identified the +4 robe of Least Resistance {rF+ Str+3
                  | Int+3}
  1776 | D:3      | Gained mutation: Your magical nature lets you fly swiftly
                  | and evasively. [Tengu growth]
  1776 | D:3      | Reached XP level 5. HP: 30/33 MP: 6/6
  1788 | D:3      | Found a shadowy altar of Dithmenos.
  1920 | D:4      | Found Zyum's Antique Weapon Shoppe.
  1944 | D:4      | Noticed a phantom
  1972 | D:4      | Killed a phantom
  2020 | D:4      | Found an opulent altar of Gozag.
  2033 | D:4      | Noticed a black bear
  2039 | D:4      | Killed a black bear
  2040 | D:4      | Reached skill level 5 in Axes
  2040 | D:4      | Reached XP level 6. HP: 39/39 MP: 7/7
  2072 | D:4      | Noticed a black bear
  2080 | D:4      | Killed a black bear
  2081 | D:4      | Reached skill level 5 in Fighting
  2235 | D:4      | Found a bloodstained altar of Trog.
  2235 | D:4      | Noticed a black bear
  2243 | D:4      | Killed a black bear
  2244 | D:4      | Reached XP level 7. HP: 27/44 MP: 8/8
  2691 | D:5      | Entered Level 5 of the Dungeon
  2700 | D:5      | Reached skill level 6 in Axes
  2710 | D:5      | Found an iron altar of Okawaru.
  2713 | D:5      | Found an ornate altar of the Wu Jian Council.
  2719 | D:5      | Found a broken altar of Ashenzari.
  2719 | D:5      | Found a blossoming altar of Fedhas.
  2730 | D:5      | Found a sand-covered staircase.
  2749 | Ossuary  | Entered an ossuary
  2749 | Ossuary  | Noticed a wraith
  2749 | Ossuary  | Noticed a wraith
  2749 | Ossuary  | Noticed a wraith
  2759 | Ossuary  | Reached *** piety under Trog
  2863 | Ossuary  | Noticed a wraith
  2896 | Ossuary  | Killed a wraith
  3330 | D:5      | Reached XP level 8. HP: 39/51 MP: 9/9
  3442 | D:5      | Found a runed translucent door.
  3447 | D:5      | Noticed hikkokomori's ghost (novice TeBe)
  3630 | D:6      | Noticed Edmund
  3643 | D:6      | Killed Edmund
  3644 | D:6      | Reached skill level 7 in Axes
  3826 | D:6      | Reached skill level 5 in Dodging
  3908 | D:6      | Found a faded altar of an unknown god.
  3908 | D:6      | Found a faded altar of an unknown god.
  3910 | D:6      | Found a hazy altar of Hepliaklqana.
  4091 | D:6      | Reached **** piety under Trog
  4236 | D:6      | Reached skill level 8 in Axes
  4269 | D:6      | Found a glowing silver altar of Zin.
  4269 | D:6      | Found a burning altar of Makhleb.
  4270 | D:6      | Noticed an Executioner
  4270 | D:6      | Noticed an angel
  4834 | D:7      | Reached XP level 9. HP: 54/58 MP: 10/10
  5183 | D:7      | Found a staircase to the Ecumenical Temple.
  5389 | D:7      | Found Iblusaer's Antique Weapon Boutique.
  5398 | D:7      | Reached skill level 9 in Axes
  5398 | D:7      | Reached skill level 1 in Shields
  5793 | D:8      | Noticed Maurice
  5816 | D:8      | Killed Maurice
  6027 | D:8      | Noticed Gastronok
  6037 | D:8      | Killed Gastronok
  6038 | D:8      | Reached XP level 10. HP: 54/66 MP: 11/11
  6140 | D:8      | Reached skill level 10 in Axes
  6254 | D:8      | Found a staircase to the Lair.
  6278 | D:8      | Noticed Joseph
  6308 | D:8      | Killed Joseph
  7064 | D:8      | Noticed a two-headed ogre
  7071 | D:8      | Killed a two-headed ogre
  7273 | D:9      | Noticed a two-headed ogre
  7281 | D:9      | Killed a two-headed ogre
  7282 | D:9      | Reached skill level 5 in Shields
  7411 | D:9      | Found a sacrificial altar of Ru.
  7427 | D:9      | Found an ancient bone altar of Kikubaaqudgha.
  7474 | D:9      | Reached XP level 11. HP: 72/72 MP: 12/12
  7673 | D:9      | Reached skill level 10 in Fighting
  7931 | D:9      | Reached skill level 11 in Axes
  7933 | D:9      | Noticed a two-headed ogre
  7961 | D:9      | Killed a two-headed ogre
  8166 | D:10     | Entered Level 10 of the Dungeon
  8171 | D:10     | Reached ***** piety under Trog
  8200 | D:10     | Found Ipicresse's Magic Scroll Shoppe.
  8203 | D:10     | Bought a scroll of enchant weapon for 112 gold pieces
  8203 | D:10     | Bought a scroll of identify for 30 gold pieces
  8763 | D:10     | Found a flagged portal.
  8779 | Bailey   | Entered a bailey
  8819 | Bailey   | Reached skill level 10 in Dodging
  8889 | Bailey   | Noticed an orc knight
  8889 | Bailey   | Noticed an orc knight
  9119 | Bailey   | Killed an orc knight
  9298 | Bailey   | Killed an orc knight
  9299 | Bailey   | Reached skill level 12 in Axes
  9341 | Bailey   | Identified the +0 pair of gloves of Lethargy {+Blink rF+
                  | Dex-4}
  9788 | D:10     | Found a glowing golden altar of the Shining One.
 10269 | D:11     | Noticed a two-headed ogre
 10279 | D:11     | Killed a two-headed ogre
 10280 | D:11     | Reached XP level 12. HP: 78/78 MP: 13/13
 10291 | D:11     | Found Celuohoh's Antique Weapon Boutique.
 10327 | D:11     | Noticed a boulder beetle
 10351 | D:11     | Killed a boulder beetle
 10415 | D:11     | Found Majoli's General Store.
 10418 | D:11     | Bought a scroll of magic mapping for 105 gold pieces
 10418 | D:11     | Bought a scroll of teleportation for 42 gold pieces
 10418 | D:11     | Bought a scroll of blinking for 105 gold pieces
 10418 | D:11     | Bought a scroll of identify for 28 gold pieces
 10501 | D:11     | Found Jorretu's Jewellery Shop.
 10544 | D:11     | Reached skill level 5 in Armour
 10603 | D:11     | Found Konao's Antique Weapon Emporium.
 10652 | D:11     | Bought a runed war axe for 227 gold pieces
 10849 | D:11     | Noticed Nergalle
 10858 | D:11     | Killed Nergalle
 10996 | D:11     | Found Ydyo's Jewellery Shoppe.
 11020 | D:11     | Reached skill level 13 in Axes
 11417 | D:12     | Noticed sleeves's ghost (journeyman AtBr)
 11417 | D:12     | Found a runed translucent door.
 11605 | D:12     | Noticed a two-headed ogre
 11606 | D:12     | Noticed a two-headed ogre
 11626 | D:11     | Killed a two-headed ogre
 11702 | D:12     | Killed a two-headed ogre
 11708 | D:12     | Reached XP level 13. HP: 31/85 MP: 4/14
 11913 | D:12     | Identified the +6 quarterstaff "Dubuetux" {freeze, rF+
                  | Str+4}
 12027 | D:12     | Found a staircase to the Orcish Mines.
 12373 | D:12     | Reached skill level 14 in Axes
 12589 | D:12     | Gained mutation: Potions are less effective at restoring
                  | your health. [a neqoxec]
 12912 | D:12     | Killed sleeves's ghost
 13061 | Lair:1   | Entered Level 1 of the Lair of Beasts
 13096 | Lair:1   | Found a runed translucent gate.
 13096 | Lair:1   | Found a runed translucent gate.
 13096 | Lair:1   | Found a runed translucent gate.
 13176 | Lair:1   | Reached skill level 1 in Evocations
 13437 | Lair:1   | Noticed Maggie
 13447 | Lair:1   | Killed Maggie
 13944 | Lair:1   | Noticed Lobster4's ghost (journeyman HOFE)
 14005 | Lair:1   | Killed Lobster4's ghost
 14005 | Lair:1   | Received a gift from Trog
 14241 | Lair:2   | Found a staircase to the Shoals.
 14642 | Lair:2   | Found a hole to the Spider Nest.
 14941 | Lair:3   | Identified the +2 pair of gloves "Cutuar" {-Cast rC+++
                  | Dex+2}
 15145 | Lair:3   | You are sucked into a shaft and drop 1 floor!
 15464 | Lair:4   | Reached XP level 14. HP: 92/92 MP: 5/15
 15619 | Lair:4   | Found a staircase to the Slime Pits.
 15716 | Lair:4   | Reached skill level 15 in Axes
 15727 | Lair:4   | Reached skill level 10 in Armour
 16694 | Lair:3   | Reached skill level 5 in Evocations
 16882 | Lair:5   | Entered Level 5 of the Lair of Beasts
 17147 | Lair:5   | Identified the +0 scale mail of Sloth {rElec Int-5 SInv}
 17171 | Lair:5   | Identified the +5 quarterstaff "Ulyonosh" {spect, rC+}
 17751 | Lair:5   | Found a burning altar of Makhleb.
 17774 | Lair:5   | Found a gateway to Hell.
 17776 | Lair:5   | HP: 5/141 [red devil/+0 trident (14)]
 17778 | Lair:5   | Succumbed to barbed spike wounds

Illustrated notes

Levels and vault maps discovered:
D:1:      minmay_arrival_plants_in_alcoves, layout_rooms,
          dreamdust_ecumenical_altar_hidden_monk_grotto
D:2:      layout_basic
D:3:      layout_rooms, nicolae_dithmenos_the_darkroom,
          nicolae_qazlal_general_emergency, uniq_terence
D:4:      layout_basic, kennysheep_mini_moat, mainiacjoe_overflow_alcove_4,
          serial_shops, nicolae_shop_hallway_stairs, serial_park_tiny_2
D:5:      layout_rooms, grunt_temple_overflow_open,
          ebering_ghost_reflecting_pool, enter_ossuary_3
D:6:      layout_loops_corners, grunt_temple_overflow_order_and_chaos_2,
          nicolae_hepliaklqana_ecumenical_no_more, uniq_edmund
D:7:      layout_basic, minmay_temple_entry_sparse_star, serial_shops, shop,
          serial_park_tiny_1, kennysheep_nondescript, chequers_decorated_corner
D:8:      lemuel_ice_spiral_2, layout_basic, david_lair_generic, uniq_gastronok,
          uniq_maurice, uniq_joseph
D:9:      layout_long_grid, mainiacjoe_overflow_large_starburst
D:10:     layout_roguey, tso_oasis_becter, serial_shops, shop, serial_rivers,
          chequers_serial_rivers_small_3, chequers_serial_rivers_marsh,
          chequers_serial_rivers_room_b, chequers_serial_rivers_small_3,
          enter_bailey_3
D:11:     layout_roguey, serial_shops, nicolae_shop_behind_doors, shop_statue,
          shop, shop, nicolae_stop_n_shop_1, uniq_nergalle
D:12:     kennysheep_big_flooded_room, layout_basic, orc_0_dummy,
          hellmonk_ghost_happy_afterlife, minivault_16, minmay_protected_statue
D:13:     layout_basic, gammafunk_ghost_wrathful_warriors
Lair:1:   layout_misc_corridors, ebering_ghost_rock_garden,
          hangedman_lair_unloving_vines, uniq_maggie
Lair:2:   layout_hall_layers, minmay_shoals_entry_lonely_mermaid,
          spider_nest_entry_a
Lair:3:   layout_cave_shapes
Lair:4:   layout_roguey, minmay_slime_entry_pillars, lemuel_fruit_tree,
          grunt_megastairs_1
Lair:5:   evil_forest, layout_hall_layers

Skill      XL: |  1  2  3  4  5  6  7  8  9 10 11 12 13 14 |
---------------+-------------------------------------------+-----
Axes           | 4 5 6 8 9 10 12 13 14 15 | 15.5
Armour         | 3 4 7 9 10 | 10.7
Fighting       | 4 5 6 7 9 10 11 12 13 | 13.5
Dodging        | 3 4 5 7 8 10 11 | 11.7
Shields        | 3 5 7 |  7.4
Evocations     | 4 5 |  5.9

Action                   |  1- 3 |  4- 6 |  7- 9 | 10-12 | 13-15 || total
-------------------------+-------+-------+-------+-------+-------++-------
Melee: Hand axe          |    66 |    75 |   276 |   464 |       ||   881
       Kick              |    20 |    16 |    80 |   217 |   237 ||   570
       Peck              |     7 |    12 |    52 |   146 |   138 ||   355
       Punch             |       |     1 |     1 |       |       ||     2
       War axe           |       |       |       |    95 |   237 ||   332
       Broad axe         |       |       |       |       |   390 ||   390
Invok: Berserk           |     1 |     2 |     5 |     9 |     7 ||    24
       Trog's Hand       |       |       |     1 |       |     1 ||     2
       Brothers in Arms  |       |       |       |     3 |       ||     3
Evoke: Wand              |       |       |       |     7 |       ||     7
  Use: Scroll            |     4 |       |     9 |    10 |    10 ||    33
       Potion            |       |       |       |       |     1 ||     1
 Stab: Sleeping          |     1 |       |     4 |       |       ||     5
       Petrified         |       |       |       |       |     3 ||     3
Armor: Animal skin       |    22 |     4 |       |       |       ||    26
       Robe              |       |    23 |    47 |    29 |       ||    99
       Ice dragon scales |       |       |       |    62 |   127 ||   189
       Plate armour      |       |       |       |       |   152 ||   152
Dodge: Dodged            |    45 |    53 |   159 |   308 |   314 ||   879
Block: Buckler           |       |       |    11 |   165 |   226 ||   402

Table legend: (Time is in decaauts)
 A = Elapsed time spent in this place.
 B = Non-inter-level travel time spent in this place.
 C = Inter-level travel time spent in this place.
 D = Time resting spent in this place.
 E = Time spent auto-exploring this place.
 F = Levels seen in this place.
 G = Mean time per level.
                   A        B        C        D        E       F      G
               +--------+--------+--------+--------+--------+-----+--------+
         Total |  16937 |  16447 |    490 |   2072 |  11119 |  20 |  846.8 |
       Dungeon |  11432 |  11055 |    377 |   1270 |   7806 |  13 |  879.4 |
          Lair |   4451 |   4338 |    113 |    521 |   2930 |   5 |  890.2 |
       Ossuary |    351 |    351 |      0 |     75 |    134 |   1 |  351.0 |
        Bailey |    701 |    701 |      0 |    205 |    248 |   1 |  701.0 |
               +--------+--------+--------+--------+--------+-----+--------+

Top non-repeatable levels by time:
     D:8: 1437 daAuts
    D:11: 1428 daAuts
    D:12: 1408 daAuts
  Lair:4: 1188 daAuts
     D:6: 1127 daAuts
    D:10: 1056 daAuts
  Lair:1: 1047 daAuts
  Lair:3: 891 daAuts
     D:9: 889 daAuts
     D:7: 856 daAuts
     D:2: 785 daAuts
     D:4: 721 daAuts
  Bailey: 701 daAuts
  Lair:5: 687 daAuts
  Lair:2: 637 daAuts
